 Dungeon Crawl Stone Soup version 0.27-a0-277-g024f7ef292 (webtiles) character file.

Game seed: 10008595972159148133

730 Nattfarinn the Frost Mage (level 7, -6/55 HPs)
             Began as a Barachi Ice Elementalist on Feb 5, 2021.
             Mangled by an orc warrior
             ... wielding a +0 flail
              (16 damage)
             ... on level 6 of the Dungeon.
             The game lasted 00:17:25 (6856 turns).

Nattfarinn the Frost Mage (BaIE)                    Turns: 6856, Time: 00:17:26

Health: -6/55      AC:  2    Str:  9    XL:     7   Next: 73%
Magic:  12/13      EV: 12    Int: 17    God:
Gold:   206        SH:  0    Dex: 13    Spells: 7/15 levels left

rFire    . . .     SeeInvis .   q - +5 scythe "Finisher" {speed, eviscerate}
rCold    + . .     Faith    .   (shield currently unavailable)
rNeg     + . .     Spirit   .   a - +0 robe
rPois    .         Reflect  .   (no helmet)
rElec    .         Harm     .   n - scarf {repulsion}
rCorr    .         Rampage  .   (no gloves)
Will     .....                  (no boots)
Stlth    ++........             (no amulet)
HPRegen  0.18/turn              r - ring of protection from cold
MPRegen  0.13/turn              o - ring of positive energy

@: about to teleport, repel missiles, slow
A: +LOS, swims, slowness 1, strong legs 1
a: Hop


You were on level 6 of the Dungeon.
You visited 1 branch of the dungeon, and saw 6 of its levels.

You collected 206 gold pieces.

Inventory:

Hand Weapons
 p - a +2 dagger of electrocution
 q - the +5 scythe "Finisher" (weapon) {speed, eviscerate}
   (You took it off an orc on level 5 of the Dungeon)

   Attacks with this weapon are significantly faster.
Armour
 a - a +0 robe (worn)
 d - a +0 buckler
 n - a scarf of repulsion (worn)
Jewellery
 o - a ring of positive energy (right hand)
 r - a ring of protection from cold (left hand)
Scrolls
 e - a scroll of enchant weapon
 g - 5 scrolls of remove curse {unknown}
 h - 4 scrolls of identify
 j - 2 scrolls of magic mapping
 l - 2 scrolls of teleportation
Potions
 b - a potion of cancellation {unknown}
 c - a potion of attraction {unknown}
 f - a potion of heal wounds
 i - 2 potions of curing {unknown}
 k - a potion of lignification {unknown}
 m - 2 potions of berserk rage {unknown}


   Skills:
 + Level 4.6 Fighting
 - Level 2.1 Dodging
 - Level 1.7 Stealth
 + Level 4.6 Spellcasting
 * Level 8.5 Ice Magic


You had 7 spell levels left.
You knew the following spells:

 Your Spells              Type           Power        Failure   Level
a - Freeze                Ice            100%         1%          1
b - Frozen Ramparts       Ice            66%          1%          3
c - Summon Ice Beast      Ice/Summ       18%          26%         4

Your spell library contained the following spells:

 Spells                   Type           Power        Failure   Level
 Ozocubu's Armour         Ice            33%          1%          3
 Hailstorm                Conj/Ice       18%          26%         4


Dungeon Overview and Level Annotations

Branches:
Dungeon (6/15)
 Temple: D:4-7

Altars:
Elyvilon
Fedhas
Makhleb
Nemelex Xobeh
Qazlal
Ru
Trog
Xom
Zin
The Shining One


Innate Abilities, Weirdness & Mutations

You can be seen from farther away. (+LOS)
You can swim through water.
You cover ground slowly.
You can hop short distances.


Message History

The frozen ramparts melt away as you move.
You barely miss the phantom. The phantom barely misses you.
You miss the phantom. The phantom hits you!
The phantom blinks!
You blink.
The phantom hits you!
Unknown command.
You barely miss the phantom. The phantom hits you.
You barely miss the phantom. The phantom closely misses you.
You barely miss the phantom. The phantom closely misses you.
The phantom hits you!
* * * LOW HITPOINT WARNING * * *
Unknown command.
You feel much better. The phantom hits you.
As you read the scroll of teleportation, it crumbles to dust.
You feel strangely unstable. The phantom hits you!
The phantom completely misses you. The phantom hits you. The phantom hits you!
* * * LOW HITPOINT WARNING * * *
The orc warrior hits you with a +0 flail!
You die...

#o##. #[
#)##.#######.
#########)##......##.
#........$# #....##.
#........## ##.......
#...$....# #....#.#.
#.....<..# #...##...
#..Wo!...####..####..
#..o@.....##...# ...
#####...#).)..## ..#.
##..##.......###.
##.##.#..#### ##
........W..
....?#......
...........###
.........##.#
.........# .#


You could see an orc warrior, a phantom and an orc.

Vanquished Creatures
  Duvessa (D:6)
  Dowan (D:6)
  A howler monkey (D:3)
  A hound (D:5)
  6 orc wizards
  2 worker ants (D:5)
  A worker ant zombie (D:5)
  8 gnolls
  A howler monkey skeleton (D:6)
  5 adders
  An ufetubus (D:5)
  An adder zombie (D:5)
  4 worms
  3 dart slugs
  3 leopard geckos
  21 orcs
  A ball python (D:2)
  4 giant cockroaches
  8 goblins
  8 hobgoblins
  15 jackals
  8 bats
  11 frilled lizards
  5 kobolds
  A leopard gecko skeleton (D:5)
  9 rats
130 creatures vanquished.

Vanquished Creatures (collateral kills)
  2 white imps (D:5)
  An ufetubus (D:5)
3 creatures vanquished.

Grand Total: 133 creatures vanquished

Notes
Turn   | Place    | Note
-------+----------+-------------------------------------------
     0 | D:1      | Nattfarinn the Barachi Ice Elementalist began the quest for
                  | the Orb.
     0 | D:1      | Reached XP level 1. HP: 13/13 MP: 3/3
   241 | D:1      | Reached skill level 5 in Ice Magic
   613 | D:1      | Reached XP level 2. HP: 18/20 MP: 5/5
  1082 | D:1      | Reached skill level 1 in Fighting
  1729 | D:2      | Reached XP level 3. HP: 21/26 MP: 4/6
  1910 | D:2      | Found a burning altar of Makhleb.
  1910 | D:2      | Found a sparkling altar of Nemelex Xobeh.
  1917 | D:2      | Found a sacrificial altar of Ru.
  1919 | D:2      | Found a faded altar of an unknown god.
  1921 | D:2      | Found a faded altar of an unknown god.
  2197 | D:2      | Reached XP level 4. HP: 20/33 MP: 4/8
  2402 | D:2      | Found a shimmering altar of Xom.
  2596 | D:2      | Reached skill level 6 in Ice Magic
  2603 | D:2      | Found a white marble altar of Elyvilon.
  2627 | D:2      | Found a stormy altar of Qazlal.
  2632 | D:2      | Learned a level 3 spell: Frozen Ramparts
  2924 | D:2      | Reached XP level 5. HP: 28/39 MP: 5/9
  3122 | D:2      | Found a blossoming altar of Fedhas.
  3880 | D:3      | Reached skill level 7 in Ice Magic
  3880 | D:3      | Reached XP level 6. HP: 19/47 MP: 6/11
  4113 | D:3      | Found a glowing silver altar of Zin.
  5658 | D:5      | Entered Level 5 of the Dungeon
  5768 | D:5      | Found a bloodstained altar of Trog.
  5785 | D:5      | Found a glowing golden altar of the Shining One.
  5947 | D:5      | Learned a level 4 spell: Summon Ice Beast
  6144 | D:5      | Reached XP level 7. HP: 32/53 MP: 5/13
  6384 | D:5      | Reached skill level 8 in Ice Magic
  6773 | D:6      | Noticed Dowan
  6781 | D:6      | Killed Dowan
  6782 | D:6      | Noticed Duvessa
  6793 | D:6      | Killed Duvessa
  6856 | D:6      | Mangled by an orc warrior

Illustrated notes

Levels and vault maps discovered:
D:1:      amcnicky_arrival_double_pillar, layout_basic
D:2:      layout_basic, grunt_temple_overflow_forces_of_nature,
          chequers_temple_overflow_minitemple, lemuel_doored_altar,
          old_standard_altar, minmay_heptomino_o4
D:3:      layout_basic, zin_treasury
D:4:      layout_basic
D:5:      layout_rooms, kennysheep_mini, old_standard_altar
D:6:      layout_rooms, lemuel_crystal_altar, uniq_duvessa

Skill      XL: |  1  2  3  4  5  6  7 |
---------------+----------------------+-----
Ice Magic      | 5 6 7 8 |  8.5
Fighting       | 1 2 3 4 |  4.6
Spellcasting   | 3 4 |  4.6
Dodging        | |  2.1
Stealth        | |  1.7

Action                   |  1- 3 |  4- 6 |  7- 9 || total
-------------------------+-------+-------+-------++-------
Melee: Unarmed           |    17 |    77 |       ||    94
       Scythe            |       |       |    43 ||    43
 Cast: Freeze            |    50 |    75 |       ||   125
       Frozen Ramparts   |       |    13 |     5 ||    18
       Summon Ice Beast  |       |     1 |       ||     1
  Use: Scroll            |       |     6 |     1 ||     7
       Potion            |       |     1 |     1 ||     2
 Stab: Distracted        |     1 |       |       ||     1
       Sleeping          |       |       |     1 ||     1
Armor: Robe              |     9 |    27 |     4 ||    40
Dodge: Dodged            |    32 |   119 |    36 ||   187
       Repelled          |       |     6 |       ||     6

Table legend: (Time is in decaauts)
 A = Elapsed time spent in this place.
 B = Non-inter-level travel time spent in this place.
 C = Inter-level travel time spent in this place.
 D = Time resting spent in this place.
 E = Time spent auto-exploring this place.
 F = Levels seen in this place.
 G = Mean time per level.
                   A        B        C        D        E       F      G
               +--------+--------+--------+--------+--------+-----+--------+
         Total |   7614 |   7426 |    188 |   1470 |   4933 |   6 | 1269.0 |
       Dungeon |   7614 |   7426 |    188 |   1470 |   4933 |   6 | 1269.0 |
               +--------+--------+--------+--------+--------+-----+--------+

Top non-repeatable levels by time:
     D:1: 1800 daAuts
     D:2: 1728 daAuts
     D:4: 1487 daAuts
     D:3: 1297 daAuts
     D:5: 1175 daAuts
     D:6: 124 daAuts
